 Dungeon Crawl Stone Soup version 0.22.1 (webtiles) character file.

187608 Grim the Bludgeoner (level 17, 0/156 HPs)
             Began as a Minotaur Berserker on Sept 18, 2018.
             Was a High Priest of Trog.
             Slain by a wolf spider (11 damage)
             ... on level 1 of the Spider Nest on Sept 19, 2018.
             The game lasted 01:18:12 (33633 turns).

Grim the Bludgeoner (Minotaur Berserker)           Turns: 33633, Time: 01:18:13

Health: 0/156      AC: 27    Str: 22    XL:     17   Next: 45%
Magic:  16/16      EV: 18    Int: 12    God:    Trog [*****.]
Gold:   2469       SH:  2    Dex: 15    Spells: 16/16 levels left

rFire    + . .     SeeInvis +   a - +6 great mace (holy)
rCold    + . .     Gourm    .   (shield currently unavailable)
rNeg     + + +     Faith    .   P - +5 chain mail of Puxzisuyg {Str+4}
rPois    +         Spirit   .   k - +0 hat
rElec    +         Reflect  +   v - +1 cloak {rF+}
rCorr    +         Harm     .   E - +2 pair of gloves {archery}
MR       ++++.                  H - +2 pair of boots of Rexumnag {rCorr Str-3 Stlth+}
Stlth    ..........             d - amulet of Limitation {Reflect rElec rPois Int+3 SH+2}
HPRegen  1.36/turn              o - +3 ring of slaying
MPRegen  0.15/turn              g - ring "Bupp" {rC+ rN+++ SInv Stlth-}

@: berserk cooldown, regenerating, slowed, very slow
A: retaliatory headbutt, horns 2, clever 1, magic resistance 1
}: 1/15 runes: decaying
a: Berserk, Trog's Hand, Brothers in Arms, Renounce Religion


You were on level 1 of the Spider Nest.
You worshipped Trog.
Trog was extremely pleased with you.
You were not hungry.

You visited 5 branches of the dungeon, and saw 28 of its levels.
You also visited: Sewer and Volcano.

You collected 3027 gold pieces.
You spent 558 gold pieces at shops.

Inventory:

Hand Weapons
 a - a +6 great mace of holy wrath (weapon)
 b - a +1 shortbow of freezing
 F - a +2 longbow of flaming
 I - a +1 antimagic great mace
Missiles
 O - 697 arrows
Armour
 k - a +0 hat (worn)
 t - a scarf of spirit shield
 v - a +1 cloak of fire resistance (worn)
 E - a +2 pair of gloves of archery (worn)
 H - the +2 pair of boots of Rexumnag (worn) {rCorr Str-3 Stlth+}
   (You found it on level 4 of the Dungeon)

   It affects your strength (-3).
   It provides partial protection from all sources of acid and corrosion.
   It makes you more stealthy.
 P - the +5 chain mail of Puxzisuyg (worn) {Str+4}
   (You found it on level 6 of the Dungeon)

   It affects your strength (+4).
Jewellery
 d - the amulet of Limitation (around neck) {Reflect rElec rPois Int+3 SH+2}
   (You acquired it on level 2 of the Lair of Beasts)

   [amulet of reflection]

   It shields you and reflects attacks.
   It affects your intelligence (+3).
   It insulates you from electricity.
   It protects you from poison.
   It affects your SH (+2).
 g - the ring "Bupp" (right hand) {rC+ rN+++ SInv Stlth-}
   (You bought it in a shop on level 10 of the Dungeon)

   [ring of protection from cold]

   It protects you from cold.
   It renders you almost immune to negative energy.
   It lets you see invisible.
   It makes you less stealthy.
 l - a cursed ring of positive energy
 o - a +3 ring of slaying (left hand)
 L - the ring of Didwal Ucyt {+Fly rC+}
   (You found it on level 2 of the Swamp)

   [ring of flight]

   It protects you from cold.
   It lets you fly.
 U - the ring "Qugotsah" {rC+ MR++}
   (You found it on level 2 of the Swamp)

   [ring of protection from cold]

   It protects you from cold.
   It affects your resistance to hostile enchantments.
 Y - a +5 ring of intelligence
Wands
 i - a wand of flame (71)
 j - a wand of acid (14)
 w - a wand of digging (66)
 J - a wand of random effects (19)
 M - a wand of iceblast (28)
 N - a wand of clouds (8)
 W - a wand of scattershot (7)
 X - a wand of disintegration (14)
Scrolls
 e - 7 scrolls of enchant armour
 f - 4 scrolls of fear
 h - 4 scrolls of fog
 m - 4 scrolls of immolation
 r - 7 scrolls of magic mapping
 s - 3 scrolls of noise
 x - 7 scrolls of enchant weapon
 y - 13 scrolls of remove curse
 A - a scroll of identify
 B - 4 scrolls of blinking
 G - 3 scrolls of holy word
 Q - 15 scrolls of teleportation
 T - 3 scrolls of torment
Potions
 n - 3 potions of cancellation
 p - 3 potions of haste
 q - 2 potions of heal wounds
 u - 4 potions of curing
 z - 6 potions of agility
 C - 6 potions of flight
 D - 2 potions of magic
 R - 8 potions of brilliance
 S - 4 potions of berserk rage
 V - 3 potions of might
 Z - 2 potions of resistance
Comestibles
 c - 31 rations


   Skills:
 + Level 15.6 Fighting
 - Level 20.0 Maces & Flails
 * Level 15.5 Bows
 - Level 12.5 Armour
 - Level 16.1 Dodging


You had 16 spell levels left.
You didn't know any spells.
Your spell library was empty.

Dungeon Overview and Level Annotations

Branches:
Dungeon (15/15) Temple (0/1) D:4 Lair (6/6) D:8 Swamp (4/4) Lair:3 Spider (1/4) Lair:3 Slime (0/5) Lair:6 Orc (2/2) D:10 Elf (0/3) Orc:2 Vaults (0/5) D:12 D:13 Depths (0/5) D:15

Altars:
Ashenzari
Dithmenos
Fedhas
Gozag
Nemelex Xobeh
Ru
Sif Muna
Xom
Zin
The Shining One
Beogh

Shops:
D:8 %   D:10 =   Orc:2 [[=%(

Annotations:
D:15 exclusion: obsidian statue
Spider:1 Qejot's ghost, adept MiBe


Innate Abilities, Weirdness & Mutations

You reflexively headbutt those who attack you in melee.
You have a pair of horns on your head.
Your mind is acute. (Int +2)
You are resistant to hostile enchantments. (MR+)


Message History

Your ogre closely misses the wolf spider.
Qejot's ghost misses you.
You miss Qejot's ghost. Your headbutt misses Qejot's ghost.
Qejot's ghost is almost destroyed.
The wolf spider barely misses you. The wolf spider misses you.
The hornet stings you!!
* * * LOW HITPOINT WARNING * * *
The wolf spider closely misses you. The wolf spider bites you.
* * * LOW HITPOINT WARNING * * *
You are too berserk!
You are too berserk!
Your ogre hits the wolf spider with a giant club!!
Qejot's ghost laughs, "And you think you're capable of finding the ORB?
I had You feel a strong urge to attack something.
The hornet closely misses you. You furiously retaliate!
You headbutt the hornet.
You are no longer berserk.
You are exhausted.
You feel yourself slow down. The wolf spider hits you!
You die...

#..... . .. ..... ####
######... ..... #..####
#.. ..... ..... ##...#.#
#.#########.... #......#
##.#.......#....
#.....####..#..#.#).#....
##.#..#..y..s...#.$s#....
##.....@sWOy.....[.#.###
#....#....'...#.!.#.#
##........#..#.#}.#.#
#...#....#.......#.##
###...:..#########..##
#^.................#
##.^....^....<..^###
##.....#.....)..###
###...##.#^.....^#≈


You could see a wolf spider (berserk), a moth of wrath, an orb spider, a hornet
(berserk), Qejot's ghost and a friendly ogre (berserk).

Vanquished Creatures
  Jorgrun (Lair:3)
  Rupert (D:12)
  Kirke (Lair:4)
  2 thorn hunters
  An emperor scorpion (Spider:1)
  3 entropy weavers
  10 slime creatures
  Nessos (Lair:5)
  Snorg (D:11)
  A fire dragon (Swamp:4)
  An ettin (Orc:1)
  22 hydras
  Erolcha (Orc:1)
  4 ghost crabs
  10 alligators
  16 two-headed ogres
  6 centaur warriors
  A dancing weapon (Volcano)
  2 catoblepae (D:14)
  A tengu warrior (Swamp:3)
  4 ogre magi
  Urug (Lair:4)
  An unseen horror (D:15)
  3 spriggan druids
  9 swamp dragons
  5 wizards
  2 orc knights
  The ghost of Sergey the Shield-Bearer, a novice DDFi of Makhleb (D:7)
  2 shambling mangroves
  A wolf spider zombie (D:15)
  A necromancer (D:15)
  4 orc sorcerers
  2 orb spiders (Spider:1)
  2 oklob plants (Lair:5)
  12 ugly things
  8 wolf spiders
  2 cyclopes
  5 elephants (Lair:6)
  2 naga magi (D:15)
  Psyche (D:12)
  5 toenail golems (Volcano)
  Maurice (D:12)
  3 gargoyles
  5 black mambas
  26 spiny frogs
  10 komodo dragons
  A rime drake (Lair:2)
  A yaktaur (D:13)
  3 demonic crawlers
  3 tengu conjurers
  10 jumping spiders (Spider:1)
  3 trolls
  4 polar bears
  14 tyrant leeches
  14 hornets
  7 dream sheep (Lair:6)
  11 blink frogs
  10 bog bodies
  9 hippogriffs
  A spriggan (shapeshifter) (D:13)
  18 redbacks
  Sigmund (D:2)
  A vampire (D:12)
  3 shadows
  19 spriggans
  14 tarantellas
  2 water elementals (D:12)
  A centaur simulacrum (D:15)
  5 hogs
  7 wyverns
  A wraith (D:12)
  9 vampire mosquitoes
  47 yaks
  2 hungry ghosts (D:11)
  A steam dragon (D:11)
  A basilisk (D:15)
  17 humans
  8 insubstantial wisps
  13 swamp worms
  A warg (Orc:2)
  A soldier ant (D:15)
  A soldier ant (shapeshifter) (D:14)
  15 water moccasins
  11 swamp drakes
  8 porcupines
  4 sky beasts
  Purgy (Sewer)
  2 phantoms
  5 black bears
  4 ice beasts
  14 orc warriors
  26 centaurs
  35 ogres
  A necrophage (D:9)
  3 boggarts (Lair:6)
  55 wolves
  19 crocodiles
  A big kobold (D:13)
  16 bullfrogs
  A wyvern zombie (D:13)
  7 scorpions
  10 killer bees (D:8)
  4 howler monkeys
  14 wights
  7 electric eels
  5 crimson imps
  2 centaur zombies
  2 bullfrog zombies
  A quasit (D:10)
  9 jellies
  10 orc priests
  5 hounds
  Crazy Yiuf (D:4)
  8 centaur skeletons
  Ijyb (D:4)
  Terence (D:2)
  6 iguanas
  15 orc wizards
  8 worker ants
  2 hound zombies
  Robin (D:3)
  16 adders
  3 shadow imps
  6 oozes
  2 adder zombies
  A worm (D:2)
  11 leopard geckos
  67 orcs
  A ball python (D:1)
  6 giant cockroaches
  11 hobgoblins
  9 jackals
  16 kobolds
  4 quokkas
  6 bats
  9 frilled lizards
  A giant cockroach zombie (D:5)
  13 goblins
  A quokka skeleton (D:5)
  4 rats
995 creatures vanquished.

Vanquished Creatures (collateral kills)
  2 hydras (Swamp:4)
  A swamp dragon (Swamp:4)
  An oklob plant (Lair:5)
  6 blink frogs (Lair:6)
  2 yaks (Lair:6)
  5 jellies (Lair:6)
17 creatures vanquished.

Vanquished Creatures (others)
  A wizard (Volcano)
  A komodo dragon (Swamp:1)
  A human (Lair:5)
  A swamp drake (Swamp:4)
  A briar patch (Swamp:4)
  A bush (Lair:6)
  15 fungi
  8 plants
29 creatures vanquished.

Grand Total: 1041 creatures vanquished

Notes
Turn   | Place    | Note
-------+----------+-------------------------------------------
     0 | D:1      | Grim the Minotaur Berserker began the quest for the Orb.
     0 | D:1      | Reached XP level 1. HP: 19/19 MP: 0/0
    58 | D:1      | Reached skill level 4 in Maces & Flails
    84 | D:1      | Reached XP level 2. HP: 15/26 MP: 1/1
   921 | D:1      | Reached skill level 5 in Maces & Flails
  1264 | D:2      | Reached XP level 3. HP: 24/31 MP: 2/2
  1265 | D:2      | Noticed Terence
  1275 | D:2      | Killed Terence
  1772 | D:2      | Noticed Sigmund
  1779 | D:2      | Killed Sigmund
  1779 | D:2      | Reached skill level 7 in Maces & Flails
  1779 | D:2      | Reached XP level 4. HP: 26/39 MP: 3/3
  1779 | D:2      | Reached XP level 5. HP: 30/45 MP: 4/4
  1998 | D:2      | Reached ** piety under Trog
  2045 | D:2      | Found a glowing silver altar of Zin.
  2422 | D:3      | Noticed Robin
  2423 | D:3      | Reached skill level 8 in Maces & Flails
  2428 | D:3      | Killed Robin
  2514 | D:3      | Reached XP level 6. HP: 51/51 MP: 5/5
  2792 | D:3      | Found a sacrificial altar of Ru.
  2967 | D:4      | Reached skill level 9 in Maces & Flails
  2971 | D:4      | Noticed Ijyb
  2983 | D:4      | Killed Ijyb
  3031 | D:4      | Found a blossoming altar of Fedhas.
  3071 | D:4      | Found an opulent altar of Gozag.
  3115 | D:4      | Reached XP level 7. HP: 35/57 MP: 6/6
  3310 | D:4      | Found a staircase to the Ecumenical Temple.
  3727 | D:4      | Got a pair of transparent boots
  3733 | D:4      | Identified the +2 pair of boots of Rexumnag {rCorr Str-3
                  | Stlth+} (You found it on level 4 of the Dungeon)
  3838 | D:4      | Reached skill level 10 in Maces & Flails
  3929 | D:4      | Found a runed door.
  3937 | D:4      | Noticed Crazy Yiuf
  3941 | D:4      | Killed Crazy Yiuf
  4128 | D:5      | Entered Level 5 of the Dungeon
  4191 | D:5      | Found a glowing drain.
  4210 | D:5      | Reached *** piety under Trog
  4218 | Sewer    | Entered a sewer
  4265 | Sewer    | Noticed Purgy
  4270 | Sewer    | Killed Purgy
  4454 | D:5      | Reached skill level 11 in Maces & Flails
  4742 | D:5      | Gained mutation: You are partially covered in iridescent
                  | scales. (AC +2) [potion of mutation]
  4742 | D:5      | Gained mutation: You have a pair of large horns on your
                  | head. [potion of mutation]
  4771 | D:5      | Got a jewelled leather armour
  4782 | D:5      | Identified the +0 leather armour "Nojuidywk" {rPois rC+
                  | Str+4 Int-2} (You found it on level 5 of the Dungeon)
  4828 | D:5      | Reached XP level 8. HP: 64/64 MP: 7/7
  5453 | D:6      | Reached skill level 5 in Fighting
  5469 | D:6      | Reached skill level 12 in Maces & Flails
  5840 | D:6      | Reached **** piety under Trog
  5926 | D:6      | Got a translucent chain mail
  5937 | D:6      | Identified the +5 chain mail of Puxzisuyg {Str+4} (You
                  | found it on level 6 of the Dungeon)
  6055 | D:6      | Found a deep blue altar of Sif Muna.
  6141 | D:6      | Found a shadowy altar of Dithmenos.
  6315 | D:7      | Found a large runed door.
  6315 | D:7      | Found a large runed door.
  6317 | D:7      | Noticed Sergey's ghost (novice DDFi)
  6327 | D:7      | Killed Sergey's ghost
  6327 | D:7      | Reached skill level 13 in Maces & Flails
  6327 | D:7      | Reached XP level 9. HP: 81/81 MP: 8/8
  6886 | D:8      | Found a shattered altar of Ashenzari.
  6950 | D:8      | Found a staircase to the Lair.
  7208 | D:8      | Found Nosav's Food Shoppe.
  7252 | D:8      | Reached skill level 14 in Maces & Flails
  7266 | D:8      | Reached skill level 10 in Fighting
  7266 | D:8      | Reached XP level 10. HP: 80/93 MP: 9/9
  7707 | D:8      | Reached ***** piety under Trog
  8207 | D:8      | Found a shimmering altar of Xom.
  8369 | D:9      | Found a glowing golden altar of the Shining One.
  9322 | D:10     | Entered Level 10 of the Dungeon
  9325 | D:10     | Noticed a gargoyle
  9333 | D:10     | Reached skill level 5 in Dodging
  9335 | D:10     | Killed a gargoyle
  9335 | D:10     | Reached skill level 15 in Maces & Flails
  9567 | D:10     | Found a roughly hewn altar of Beogh.
 10121 | D:10     | Found a staircase to the Orcish Mines.
 10215 | D:10     | Reached XP level 11. HP: 66/101 MP: 10/10
 10374 | D:10     | Found Yreab's Jewellery Boutique.
 10379 | D:10     | Bought the ring "Bupp" {rC+ rN+++ SInv Stlth-} for 558 gold
                  | pieces
 10470 | D:11     | Noticed a four-headed hydra
 10484 | D:10     | Killed a four-headed hydra
 10731 | D:11     | Noticed a six-headed hydra
 10737 | D:11     | Killed a six-headed hydra
 11078 | D:11     | Found a sparkling altar of Nemelex Xobeh.
 11078 | D:11     | Noticed a brown ugly thing
 11078 | D:11     | Noticed Snorg
 11180 | D:10     | Killed a brown ugly thing
 11462 | D:11     | Reached skill level 10 in Dodging
 11474 | D:11     | Noticed a green ugly thing
 11482 | D:11     | Killed a green ugly thing
 11482 | D:11     | Reached skill level 16 in Maces & Flails
 11878 | D:11     | Killed Snorg
 12344 | D:12     | Reached XP level 12. HP: 78/108 MP: 11/11
 12390 | D:12     | Noticed Psyche
 12418 | D:12     | Killed Psyche
 12870 | D:12     | Received a gift from Trog
 13270 | D:12     | Noticed Rupert
 13280 | D:12     | Killed Rupert
 13402 | D:12     | Noticed Maurice
 13408 | D:12     | Killed Maurice
 13724 | D:12     | Noticed a centaur warrior
 13741 | D:12     | Killed a centaur warrior
 13741 | D:12     | Reached skill level 17 in Maces & Flails
 14043 | D:13     | Found a gate to the Vaults.
 14043 | D:13     | Noticed a two-headed ogre
 14043 | D:13     | Noticed a centaur warrior
 14218 | D:12     | Killed a two-headed ogre
 14226 | D:12     | Reached skill level 5 in Armour
 14298 | D:13     | Killed a centaur warrior
 14476 | D:13     | Reached ****** piety under Trog
 14559 | D:13     | Received a gift from Trog
 14596 | D:13     | Reached XP level 13. HP: 109/114 MP: 12/12
 15738 | D:14     | Reached skill level 18 in Maces & Flails
 16620 | D:15     | Entered Level 15 of the Dungeon
 17583 | D:15     | Received a gift from Trog
 17666 | D:15     | Got a jewelled battleaxe {god gift}
 17667 | D:15     | Identified the +4 battleaxe of Annoyance {elec, *Slow rF+
                  | Int+7 Stlth+} (Trog gifted it to you on level 15 of the
                  | Dungeon)
 17765 | D:15     | Reached XP level 14. HP: 73/122 MP: 13/13
 17774 | D:15     | Reached skill level 10 in Armour
 18351 | D:15     | Reached skill level 15 in Dodging
 18496 | D:15     | Reached skill level 19 in Maces & Flails
 18510 | D:15     | Found a staircase to the Depths.
 18902 | Lair:1   | Entered Level 1 of the Lair of Beasts
 18952 | Lair:1   | Found a dark tunnel.
 18972 | Volcano  | Entered a volcano
 19065 | Volcano  | Paralysed by a wizard for 4 turns
 19706 | Lair:1   | Received a gift from Trog
 20206 | Lair:1   | Lost mutation: You have a pair of large horns on your head.
                  | [potion of mutation]
 20206 | Lair:1   | Lost mutation: You are partially covered in iridescent
                  | scales. (AC +2) [potion of mutation]
 20206 | Lair:1   | Gained mutation: Your mind is acute. (Int +2) [potion of
                  | mutation]
 20206 | Lair:1   | Gained mutation: You are resistant to hostile enchantments.
                  | (MR+) [potion of mutation]
 20265 | Lair:2   | Identified a scroll of acquirement
 20269 | Lair:2   | Got a transparent zirconium amulet
 20271 | Lair:2   | Identified the amulet of Limitation {Reflect rElec rPois
                  | Int+3 SH+2} (You acquired it on level 2 of the Lair of
                  | Beasts)
 21274 | Lair:3   | Found a staircase to the Swamp.
 21338 | Lair:3   | Got a twisted chain mail
 21349 | Lair:3   | Identified the +1 chain mail of Optimism {+Fly rPois} (You
                  | found it on level 3 of the Lair of Beasts)
 21467 | Lair:3   | Found a hole to the Spider Nest.
 21720 | Lair:4   | Noticed Urug
 21731 | Lair:4   | Killed Urug
 21766 | Lair:4   | Noticed Kirke
 21768 | Lair:4   | Received a gift from Trog
 21779 | Lair:4   | Killed Kirke
 21865 | Lair:4   | Reached XP level 15. HP: 125/128 MP: 6/14
 22438 | Lair:5   | Reached skill level 20 in Maces & Flails
 22539 | Lair:5   | Reached skill level 1 in Bows
 22692 | Lair:5   | Noticed Nessos
 22966 | Lair:5   | Killed Nessos
 23817 | Lair:6   | Entered Level 6 of the Lair of Beasts
 23894 | Lair:6   | Found a staircase to the Slime Pits.
 23920 | Lair:6   | Reached skill level 5 in Bows
 23961 | Lair:6   | Received a gift from Trog
 24364 | Lair:6   | Received a gift from Trog
 25591 | Orc:1    | Entered Level 1 of the Orcish Mines
 25591 | Orc:1    | Noticed Erolcha
 25601 | Orc:1    | Killed Erolcha
 25611 | Orc:1    | Received a gift from Trog
 25871 | Orc:1    | Found a roughly hewn altar of Beogh.
 26057 | Orc:2    | Entered Level 2 of the Orcish Mines
 26057 | Orc:2    | Found a staircase to the Elven Halls.
 26156 | Orc:2    | Found Xecel's Armour Emporium.
 26320 | Orc:2    | Found Uzuzake's Jewellery Boutique.
 26320 | Orc:2    | Found Huaqe's Armour Shoppe.
 26378 | Orc:2    | Reached skill level 10 in Bows
 26378 | Orc:2    | Reached XP level 16. HP: 132/141 MP: 5/15
 26412 | Orc:2    | Received a gift from Trog
 26609 | Orc:2    | Found Luala's Antique Weapon Emporium.
 26609 | Orc:2    | Found Hestruplu's Food Boutique.
 27214 | Swamp:1  | Entered Level 1 of the Swamp
 28233 | Swamp:2  | Found a transporter.
 28235 | Swamp:2  | Found the +7 longbow "Piercer" {penet, EV-2}
 28573 | Swamp:2  | Found a transporter.
 28694 | Swamp:2  | Received a gift from Trog
 29156 | Swamp:2  | Noticed a thorn hunter
 29171 | Swamp:2  | Killed a thorn hunter
 29181 | Swamp:2  | HP: 7/217 [alligator[the power of Zot] (15)]
 29559 | Swamp:2  | Got a twitching glass ring
 29566 | Swamp:2  | Got a fine golden ring
 29596 | Swamp:2  | Identified the ring of Didwal Ucyt {+Fly rC+} (You found it
                  | on level 2 of the Swamp)
 29598 | Swamp:2  | Identified the ring "Qugotsah" {rC+ MR++} (You found it on
                  | level 2 of the Swamp)
 29737 | Swamp:3  | Received a gift from Trog
 30765 | Swamp:4  | Entered Level 4 of the Swamp
 30774 | Swamp:4  | Received a gift from Trog
 30820 | Swamp:4  | Noticed a thorn hunter
 30982 | Swamp:4  | Killed a thorn hunter
 31120 | Swamp:4  | Received a gift from Trog
 31141 | Swamp:4  | Reached XP level 17. HP: 78/154 MP: 4/16
 32006 | Swamp:4  | Got a decaying rune of Zot
 32440 | Spider:1 | Entered Level 1 of the Spider Nest
 32440 | Spider:1 | Found a runed gate.
 32440 | Spider:1 | Found a runed gate.
 32440 | Spider:1 | Found a runed gate.
 32453 | Lair:3   | Reached skill level 15 in Fighting
 32652 | Spider:1 | Noticed Qejot's ghost (adept MiBe)
 33303 | Spider:1 | Reached skill level 15 in Bows
 33311 | Spider:1 | Noticed Jorgrun
 33342 | Lair:3   | Received a gift from Trog
 33348 | Lair:3   | Killed Jorgrun
 33633 | Spider:1 | Slain by a wolf spider

Skill      XL: |  1  2  3  4  5  6  7  8  9 10 11 12 13 14 15 16 17 |
---------------+----------------------------------------------------+-----
Maces & Flails | 4 5 7 8 9 11 13 14 15 16 17 18 19 20 | 20.0
Fighting       | 7 10 12 14 15 | 15.6
Dodging        | 7 11 13 14 16 | 16.1
Armour         | 6 9 12 | 12.5
Bows           | 10 14 15 | 15.5

Action                   |  1- 3 |  4- 6 |  7- 9 | 10-12 | 13-15 | 16-18 || total
-------------------------+-------+-------+-------+-------+-------+-------++-------
Melee: Mace              |    25 |       |       |       |       |       ||    25
       Headbutt          |    10 |    16 |    65 |   129 |   258 |   126 ||   604
       Whip              |    54 |   113 |   319 |   173 |       |       ||   659
       Dire flail        |       |       |       |   484 |   373 |       ||   857
       Great mace        |       |       |       |       |   739 |   486 ||  1225
 Fire: Shortbow          |       |       |       |       |    10 |   396 ||   406
Invok: Berserk           |     2 |       |     6 |     8 |    16 |     5 ||    37
       Trog's Hand       |       |       |     1 |     2 |    14 |     6 ||    23
       Brothers in Arms  |       |       |       |       |     2 |     2 ||     4
Evoke: Wand              |       |       |       |       |     6 |       ||     6
  Use: Scroll            |       |       |    10 |    10 |    12 |     5 ||    37
       Potion            |       |       |     1 |     2 |     2 |     3 ||     8
 Stab: Fleeing           |       |       |       |     1 |       |       ||     1
       Confused          |       |       |       |       |       |     2 ||     2
  Eat: Chunk             |     3 |     6 |     8 |    12 |    32 |     8 ||    69
       Ration            |       |       |     3 |     6 |     9 |     6 ||    24
Armor: Animal skin       |    16 |       |       |       |       |       ||    16
       Scale mail        |     3 |    34 |    59 |       |       |       ||    96
       Chain mail        |       |       |    44 |   279 |   534 |   373 ||  1230
Dodge: Dodged            |    45 |    46 |    88 |   294 |   708 |   514 ||  1695
Block: Other             |       |       |       |       |    37 |    37 ||    74
       Reflection        |       |       |       |       |       |     1 ||     1
